AoeStats
← Smilie

Arabia

510330332Analyzed
1v1 RM · 3d ago on Sep 30, 2026· 40m 6s· 2 players
Game mode
Random Map
Map size
Tiny (2 player)
Population
200
Speed
Normal
Resources
Standard
Victory
Conquest
Starting age
Dark Age
Ending age
Imperial Age
RankedLock teamsTeams togetherTeam positionsShared explorationLock speedFull tech treeHidden civsTurbo modeCheats
Victory
Defeat
🇳🇱 Lithuanians · Netherlands
908
+23
🇨🇦 Chinese · Canada
893
-15
jejepil
10:33 Feudal Age
12:21 Wheelbarrow
11:37 Double-Bit Axe
15:39 Wheelbarrow
17:38 Scale Mail Armor
18:04 Fletching
18:21 Loom
19:35 Forging
25:46 Castle Age
23:34 Arson
25:23 Horse Collar
25:49 Padded Archer Armor
26:13 Crossbowman
27:06 Gold Mining
29:19 Scale Barding Armor
30:39 Bodkin Arrow
32:11 Iron Casting
32:17 Pikeman
34:37 Squires
36:11 Chain Mail Armor
39:22 Thumb Ring
Smilie
5:28 Loom
9:12 Feudal Age
14:39 Horse Collar
18:11 Wheelbarrow
18:34 Wheelbarrow
21:47 Castle Age
21:38 Padded Archer Armor
21:28 Fletching
22:41 Elite Skirmisher
23:43 Leather Archer Armor
23:24 Bodkin Arrow
35:26 Bloodlines
36:04 Husbandry
36:18 Double-Bit Axe
36:35 Heavy Plow
38:26 Scale Barding Armor
Connection lost

Rejoining the realm…

Still unreachable

The connection could not be restored.

Session expired

The server has moved on; the page needs a fresh start.